 Dungeon Crawl Stone Soup version 0.32-a0-666-ge8a88695a4 (webtiles) character file.

Game seed: 3275660253824681991

294 ezpacito the Trooper (level 6, 0/48 HPs)
             Began as a Coglin Chaos Knight on Mar 10, 2024.
             Was a Plaything of Xom.
             Succumbed to a water moccasin's poison
             ... on level 5 of the Dungeon.
             The game lasted 00:03:30 (3021 turns).

ezpacito the Trooper (Coglin Chaos Knight)          Turns: 3021, Time: 00:03:30

Health: 0/48       AC:  5    Str: 10 (11) XL:     6   Next: 34%
Magic:  7/7        EV: 12    Int: 13 (15) God:    Xom [.*....]
Gold:   274        SH:  0    Dex: 13      Spells: 7/7 levels left

rFire   . . .        a - +0 hand axe (chaos) {Tejnoor}
rCold   . . .        B - +0 trident {Amnanu}
rNeg    . . .        b - +2 leather armour
rPois   .            (no helmet)
rElec   .            (no cloak)
rCorr   .            (no gloves)
SInv    .            (no boots)
Will    .....        (amulet unavailable)
Stlth   +            (ring unavailable)
HPRegen 0.28/turn    (ring unavailable)
MPRegen 0.10/turn    (no gizmo)

%: no passive effects
@: mighty, lethally poisoned (0 -> -2), attractive, hasted, invisible, revving,
very quick
A: off-hand wielding, slow wielding, warmup strikes, no jewellery, fangs 1,
clever 1, deterioration 1, low MP 1, weak 1
a: Invent Gizmo, Renounce Religion


You were on level 5 of the Dungeon.
You worshipped Xom.
You were a plaything of Xom.
You visited 1 branch of the dungeon, and saw 5 of its levels.

You collected 274 gold pieces.

Inventory:

Hand Weapons
 a - a +0 hand axe of chaos (weapon) {Tejnoor}
 y - a +1 whip of flaming
 B - a +0 trident (offhand) {Amnanu}
Missiles
 j - 5 poisoned darts (quivered)
 w - a throwing net
Armour
 b - a +2 leather armour (worn)
 n - a +0 chain mail
Magical Staves
 l - a staff of fire
Talismans
 t - a beast talisman
Wands
 s - a wand of roots (4)
Scrolls
 e - a scroll of summoning {unknown}
 f - a scroll of teleportation {unknown}
 g - 2 scrolls of noise {unknown}
 m - 2 scrolls of immolation {unknown}
 u - a scroll of torment {unknown}
 v - a scroll of blinking {unknown}
 x - a scroll of amnesia {unknown}
Potions
 k - a potion of invisibility
 o - a potion of magic
 p - a potion of enlightenment
 z - a potion of cancellation


   Skills:
 * Level 4.0 Fighting
 * Level 3.9(4.1) Axes
 + Level 1.4(2.7) Polearms
 * Level 2.7 Armour
 * Level 2.3 Dodging
 + Level 1.4 Stealth
 + Level 1.2 Spellcasting
 + Level 0.5 Evocations


You had 7 spell levels left.
You didn't know any spells.
Your spell library contained the following spells:

 Spells                   Type           Power      Damage    Failure   Level
 Call Imp                 Summ           0%         N/A       50%         2
 Lesser Beckoning         Tloc           0%         N/A       50%         2
 Scorch                   Fire           0%         2d5       50%         2
 Sublimation of Blood     Necr           0%         N/A       50%         2
 Gell's Gravitas          Tloc           0%         N/A       73%         3
 Ozocubu's Armour         Ice            0%         N/A       73%         3
 Teleport Other           Tloc           0%         N/A       73%         3
 Flame Wave               Conj/Fire      0%         2d4       98%         4
 Metabolic Englaciation   Hex/Ice        0%         N/A       100%        5
 Sculpt Simulacrum        Ice/Alch       0%         N/A       100%        6
 Summon Cactus Giant      Summ           0%         N/A       100%        6
 Summon Hydra             Summ           0%         N/A       100%        7


Dungeon Overview and Level Annotations

Branches:
Dungeon (5/15)
 Temple: D:4-7

Altars:
Nemelex Xobeh
Wu Jian
Xom


Innate Abilities, Weirdness & Mutations

You can wield a second weapon in your off-hand.
It takes a long time for you to wield or remove held weapons.
Your first few attacks do less damage.
You cannot equip rings or amulets.
You have very sharp teeth.
Your mind is acute. (Int +4, Str/Dex -1)
Your body sometimes deteriorates upon taking damage.
Your magical capacity is low. (-10% MP)
You are weak. (Str -2)


Message History

The orc closely misses your butterfly.
You take 1 damage, and have 8/48 hp.
You swap places.
* * * LOW HITPOINT WARNING * * *
You feel sick.
The water moccasin closely misses your butterfly.
You take 2 damage, and have 6/48 hp.
You feel very mighty all of a sudden.
* * * LOW HITPOINT WARNING * * *
You feel sick.
The water moccasin closely misses your butterfly.
You take 1 damage, and have 5/48 hp.
You swap places.
* * * LOW HITPOINT WARNING * * *
You feel sick.
The water moccasin closely misses your butterfly.
* * * LOW HITPOINT WARNING * * *
You feel sick.
The water moccasin is no longer covered in acid.
The water moccasin completely misses your butterfly.
You take 1 damage, and have 4/48 hp.
* * * LOW HITPOINT WARNING * * *
You feel sick.
The water moccasin completely misses your butterfly.
You take 1 damage, and have 3/48 hp.
* * * LOW HITPOINT WARNING * * *
You feel sick.
You take 1 damage, and have 2/48 hp.
The water moccasin bites your butterfly!
Your butterfly dies!
Your butterfly disappears in a burst of colours!
The water moccasin is attracted toward you.
* * * LOW HITPOINT WARNING * * *
You feel sick.
You take 1 damage, and have 1/48 hp.
* * * LOW HITPOINT WARNING * * *
You feel sick. Something misses your butterfly.
You die...
Xom giggles madly!

##########
#.<......# #
#.######.# . #@#
.##b#
######.######..#o###
#.....bbbbb.bb.b....
#.####b#####b...b#
#.######bbbb#
#....bbS§.#
#########b# #


There were no monsters in sight!

Vanquished Creatures
  2 orc priests (D:3)
  4 adders
  3 gnolls (D:3)
  2 ribbon worms
  A dart slug (D:3)
  15 orcs
  4 ball pythons
  4 bats
  6 endoplasms
  3 giant cockroaches
  3 goblins
  3 hobgoblins
  5 jackals (D:4)
  6 quokkas
  7 frilled lizards
  5 kobolds
  5 rats
78 creatures vanquished.

Vanquished Creatures (collateral kills)
  2 bombardier beetles (D:4)
  An orc (D:4)
  A jackal (D:4)
4 creatures vanquished.

Grand Total: 82 creatures vanquished

Notes
Turn   | Place    | Note
-------+----------+-------------------------------------------
     0 | D:1      | ezpacito the Coglin Chaos Knight began the quest for the
                  | Orb.
     0 | D:1      | Reached XP level 1. HP: 18/18 MP: 1/1
   120 | D:1      | Reached skill level 1 in Dodging
   176 | D:1      | XOM: noise
   189 | D:1      | XOM: silly message
   197 | D:1      | Reached XP level 2. HP: 22/24 MP: 2/2
   405 | D:1      | XOM: silly message
   438 | D:1      | XOM: smoke on damage
   471 | D:1      | XOM: silly message
   710 | D:1      | XOM: give mutations
   710 | D:1      | Gained mutation: Your magical capacity is low. (-10% MP)
                  | [Xom's mischief]
   710 | D:1      | Gained mutation: You have very sharp teeth. [Xom's
                  | mischief]
   819 | D:1      | XOM: give mutations
   819 | D:1      | Gained mutation: You are occasionally teleported next to
                  | monsters. [Xom's mischief]
   819 | D:1      | Lost mutation: You are occasionally teleported next to
                  | monsters. [Xom's mischief]
   819 | D:1      | Gained mutation: Your mind is acute. (Int +4, Str/Dex -1)
                  | [Xom's mischief]
   819 | D:1      | Gained mutation: Your body sometimes deteriorates upon
                  | taking damage. [Xom's mischief]
  1016 | D:2      | XOM: give mutation
  1016 | D:2      | Gained mutation: You are weak. (Str -2) [Xom's mischief]
  1033 | D:2      | XOM: 1-stop teleportation journey
  1049 | D:2      | Reached XP level 3. HP: 29/29 MP: 3/3
  1586 | D:3      | Reached XP level 4. HP: 34/35 MP: 4/4
  1657 | D:3      | Reached skill level 1 in Polearms
  1744 | D:3      | Found a faded altar of an unknown god.
  1930 | D:3      | XOM: god gift: scroll labelled IFFOTS YNIWKAE {god gift}
  1991 | D:3      | Reached XP level 5. HP: 37/41 MP: 5/5
  1997 | D:3      | Reached skill level 1 in Spellcasting
  2056 | D:3      | XOM: summons 3 hostile demons
  2164 | D:3      | Found a sparkling altar of Nemelex Xobeh.
  2173 | D:3      | Reached skill level 1 in Stealth
  2219 | D:3      | XOM: repel stairs
  2612 | D:4      | XOM: smoke on damage
  2621 | D:4      | XOM: confusion (+ monsters)
  2633 | D:4      | Reached XP level 6. HP: 34/48 MP: 7/7
  2870 | D:4      | Reached skill level 4 in Fighting
  2871 | D:4      | Found a shimmering altar of Xom.
  2878 | D:4      | Found an ornate altar of the Wu Jian Council.
  2981 | D:5      | Entered Level 5 of the Dungeon
  2995 | D:5      | Noticed a water moccasin
  3007 | D:5      | XOM: smoke on damage
  3016 | D:5      | HP: 2/48 [poisoned by a water moccasin]
  3021 | D:5      | Succumbed to a water moccasin's poison

Illustrated notes

Levels and vault maps discovered:
D:1:      dpeg_arrival_concentric_ovals, layout_basic, serial_aquarium,
          aquarium_bridge_square [aquarium_subvault_bridge,
          aquarium_subvault_bridge, aquarium_subvault_wall,
          aquarium_subvault_wall], aquarium_bridge_long_separate
          [aquarium_subvault_bridge, aquarium_subvault_wall,
          aquarium_subvault_wall, aquarium_subvault_bridge,
          aquarium_subvault_bridge, aquarium_subvault_wall],
          aquarium_window_fake, aquarium_window_corner, aquarium_view_2d,
          aquarium_balcony_double_1, aquarium_pool_side, minmay_pentomino_z2
D:2:      layout_loops_ring
D:3:      layout_rooms, mainiacjoe_overflow_concentric_impassable,
          shapermc_ecumenical_altar_mp_urbaneastern,
          nicolae_concentric_dashed_squares_wild, grunt_ministairs_2
D:4:      layout_rooms, nzn_wu_jian_council_hall, kennysheep_mini_moat
D:5:      layout_loops_corners

Skill      XL: |  1  2  3  4  5  6 |
---------------+-------------------+-----
Dodging        | 1 2 |  2.3
Armour         | 2 |  2.7
Polearms       | 1 |  1.4
Spellcasting   | 1 |  1.2
Stealth        | 1 |  1.4
Fighting       | 4 |  4.0
Axes           | |  3.9
Evocations     | |  0.5

Action                     |  1- 3 |  4- 6 || total
---------------------------+-------+-------++-------
  Melee: Hand axe          |    87 |    91 ||   178
         Dagger            |    83 |    16 ||    99
         Bite              |     4 |     7 ||    11
         Spear             |       |    85 ||    85
         Trident           |       |     8 ||     8
    Use: Potion            |       |     8 ||     8
         Scroll            |       |     7 ||     7
   Stab: Sleeping          |     1 |     2 ||     3
         Confused          |       |     1 ||     1
         Invisible         |       |     2 ||     2
 Armour: Leather armour    |    62 |    90 ||   152
  Dodge: Dodged            |    41 |    84 ||   125

Table legend: (Time is in decaauts)
 A = Elapsed time spent in this place.
 B = Non-inter-level travel time spent in this place.
 C = Inter-level travel time spent in this place.
 D = Time resting spent in this place.
 E = Time spent auto-exploring this place.
 F = Levels seen in this place.
 G = Mean time per level.
                   A        B        C        D        E       F      G
               +--------+--------+--------+--------+--------+-----+--------+
         Total |   3029 |   2840 |    189 |      0 |   2313 |   5 |  605.8 |
       Dungeon |   3029 |   2840 |    189 |      0 |   2313 |   5 |  605.8 |
               +--------+--------+--------+--------+--------+-----+--------+

Top non-repeatable levels by time:
     D:3: 1020 daAuts
     D:1: 893 daAuts
     D:2: 593 daAuts
     D:4: 485 daAuts
     D:5: 36 daAuts
